 Dungeon Crawl Stone Soup version 0.27-a0-1332-g84bddb5ca7 (webtiles) character file.

Game seed: 12388222120022850020

57 Sobieck the Skirmisher (level 4, -9/49 HPs)
             Began as an Ogre Berserker on June 25, 2021.
             Was a Believer of Trog.
             Mangled by a gnoll (10 damage)
             ... on level 2 of the Dungeon.
             The game lasted 00:02:32 (999 turns).

Sobieck the Skirmisher (Ogre Berserker)              Turns: 999, Time: 00:02:33

Health: -9/49      AC:  3    Str: 22    XL:     4   Next: 0%
Magic:  4/4        EV: 10    Int:  8    God:    Trog [**....]
Gold:   43         SH:  0    Dex:  8    Spells: 3/3 levels left

rFire    . . .     SeeInvis .   a - +1 mace {mace}
rCold    . . .     Faith    .   (no shield)
rNeg     . . .     Spirit   .   b - +0 animal skin
rPois    .         Reflect  .   (helmet restricted)
rElec    .         Harm     .   (no cloak)
rCorr    .         Rampage  .   (gloves unavailable)
Will     .....                  (boots unavailable)
Stlth    +.........             (no amulet)
HPRegen  0.16/turn              (no ring)
MPRegen  0.09/turn              (no ring)

@: on berserk cooldown, slowed, very slow
A: large, unfitting armour, tough skin 1
a: Renounce Religion, Berserk, Trog's Hand


You were on level 2 of the Dungeon.
You worshipped Trog.
Trog was pleased with you.
You visited 1 branch of the dungeon, and saw 3 of its levels.

You collected 43 gold pieces.


Innate Abilities, Weirdness & Mutations

You are too large for most types of armour.
You have tough skin. (AC +1)


   Skills:
 + Level 4.9 Fighting
 + Level 3.3 Maces & Flails
 + Level 3.3 Dodging


You had 3 spell levels left.
You didn't know any spells.
Your spell library was empty.

Inventory:

Hand Weapons
 a - a +1 mace (weapon) {mace}
 h - a +0 hand axe of freezing {axe}
   (You found it on level 2 of the Dungeon)
 i - a +0 flail {mace}
   (You found it on level 1 of the Dungeon)
Missiles
 f - 15 arrows
 g - 27 bolts
 j - 55 stones (quivered) {throwing}
Armour
 b - a +0 animal skin (worn)
Scrolls
 c - 2 scrolls of holy word
 e - a scroll of noise {unknown}
Potions
 d - a potion of curing {@q1}
 k - a potion of invisibility {unknown}

Dungeon Overview and Level Annotations

Branches:
Dungeon (3/15)

Altars:

Shops:
D:2

? #.#
#....##'#######..>รท#
#.# ###..##.#
###.....# #.# #.....#
#####.. #.. #.###.# .
.#. #.# #.# . .# #.#
#.. . .. #.# ### ##
.. #.##### #...@)#
#.###g...... #.#
#.(....#### ...
.(....w....#### ..).
..... #..<.. .....#
..... #####.
โ™ฃ....## ####
โ™ฃโ™ฃ####


You could see a gnoll.


Message History

(D) Dungeon
Where to? (Enter - D:2, ? - help)
There is a stone staircase leading down here.
You climb downwards.
There is a stone staircase leading up here.
You climb upwards.
There is a stone staircase leading down here.
You now have 43 gold pieces (gained 3).
You open the door.
Found Bedaref's Magic Scroll Boutique.
There is an open door here.
There is an entrance to Bedaref's Magic Scroll Boutique here.
You can access your shopping list by pressing '$'.
Unknown command.
As you open the door, it creaks loudly!
You open the door.
There is an open door here.
A gnoll comes into view. It is wielding a +0 spear.
The gnoll shouts!
An endoplasm comes into view.
A gnoll comes into view. It is wielding a +0 halberd.
The gnoll moves out of view. 2 gnolls come into view.
The gnoll shouts! x3
The endoplasm quivers.
You throw a stone {throwing}.
The stone {throwing} hits the gnoll but does no damage.
You throw a stone {throwing}.
The stone {throwing} barely misses the gnoll.
The stone {throwing} hits the gnoll but does no damage.
A red film seems to cover your vision as you go berserk!
You feel yourself moving faster!
You feel mighty!
The gnoll hits you from afar with a +0 spear!
The endoplasm hits you but does no damage. ๐Ÿ˜• HP[+12]
You now have 60 max hp (+20).
You regained 12 hp, and now have 52/60 hp.
You sock the endoplasm!
You kill the endoplasm!
Trog accepts your kill. The gnoll barely misses you.
The gnoll hits you from afar with a +0 spear! ๐Ÿ˜• HP[-6]
You take 6 damage, and now have 46/60 hp.
The gnoll closely misses you.
You barely miss the gnoll. The gnoll hits you with a +0 spear.
The gnoll hits you with a +0 halberd. ๐Ÿ˜ฎ HP[-9]
You take 9 damage, and now have 37/60 hp.
You are too injured to fight recklessly!
You are too injured to fight recklessly!
You are too injured to fight recklessly!
Unknown command.
You barely miss the gnoll. The gnoll closely misses you.
You hit the gnoll. The gnoll hits you with a +0 halberd!
* * * LOW HITPOINT WARNING * * *
The gnoll hits you with a +0 spear.
* * * LOW HITPOINT WARNING * * *
๐Ÿ˜จ HP[-16]
You take 16 damage, and now have 21/60 hp.
MASSIVE DAMAGE!! (PAUSE)
You sock the gnoll!
You kill the gnoll!
Trog accepts your kill. ๐Ÿ˜จ HP[+1]
You now have 61 max hp (+1).
You closely miss the gnoll. The gnoll hits you with a +0 spear!
* * * LOW HITPOINT WARNING * * *
The gnoll closely misses you. ๐Ÿ˜ฑ HP[-7]
You take 7 damage, and now have 15/61 hp.
You sock the gnoll! The gnoll hits you with a +0 spear.
* * * LOW HITPOINT WARNING * * *
๐Ÿ˜ฑ HP[-4]
You take 4 damage, and now have 11/61 hp.
You hit the gnoll.
You kill the gnoll!
Trog accepts your kill.
You can now call upon Trog for regeneration and willpower.
You have reached level 4! ๐Ÿ˜ฑ HP[+3] MP[+1]
You now have 73 max hp (+12).
You regained 3 hp, and now have 14/73 hp.
Your mp is fully restored (4).
You sock the gnoll! The gnoll hits you with a +0 spear.
* * * LOW HITPOINT WARNING * * *
The gnoll hits you with a +0 flail!
* * * LOW HITPOINT WARNING * * *
๐Ÿ˜ฑ HP[-12]
You take 12 damage, and now have 2/73 hp.
You hit the gnoll. The gnoll completely misses you.
The gnoll closely misses you.
You hit the gnoll.
You kill the gnoll!
Trog accepts your kill.
You are no longer berserk.
You are exhausted.
You feel yourself slow down. The gnoll hits you with a +0 flail!
You die...

Skill      XL: |  1  2 |
---------------+-------+-----
Maces & Flails | 3 |  3.3
Dodging        | 3 |  3.3
Fighting       | |  4.9

Action                   |  1- 3 |  4- 6 || total
-------------------------+-------+-------++-------
Melee: Mace              |    52 |     3 ||    55
       Flail             |    17 |       ||    17
Throw: Stone             |     2 |       ||     2
Invok: Berserk           |     3 |       ||     3
  Use: Scroll            |     3 |       ||     3
Armor: Animal skin       |    27 |       ||    27
Dodge: Dodged            |    47 |     2 ||    49

Levels and vault maps discovered:
D:1:      amcnicky_arrival_double_pillar, layout_rooms, basic_ecumenical_altar
D:2:      layout_rooms, serial_shops, nicolae_shop_behind_doors,
          interstate_on_off, minmay_pentomino_u2, uniq_crazy_yiuf_cottage
D:3:      layout_basic, amcnicky_altar_gilded, nicolae_uskayaw_suspiria

Notes
Turn   | Place    | Note
-------+----------+-------------------------------------------
     0 | D:1      | Sobieck the Ogre Berserker began the quest for the Orb.
     0 | D:1      | Reached XP level 1. HP: 24/24 MP: 1/1
     0 | D:1      | magus.rc [v1.9.6]
    43 | D:1      | Reached XP level 2. HP: 32/32 MP: 2/2
   328 | D:1      | Reached skill level 3 in Maces & Flails
   378 | D:1      | Reached skill level 3 in Dodging
   585 | D:2      | Reached XP level 3. HP: 38/40 MP: 3/3
   603 | D:1      | Found a faded altar of an unknown god.
   966 | D:2      | Found Bedaref's Magic Scroll Boutique.
   994 | D:2      | HP: 15/61 [gnoll (7)]
   996 | D:2      | Reached ** piety under Trog
   997 | D:2      | Reached XP level 4. HP: 14/49 MP: 4/4
   997 | D:2      | HP: 2/73 [gnoll (9)]
   999 | D:2      | Mangled by a gnoll

Vanquished Creatures
  3 gnolls (D:2)
  2 worms (D:2)
  A dart slug (D:1)
  2 ball pythons (D:1)
  7 bats
  2 endoplasms
  3 goblins (D:1)
  4 jackals (D:1)
  A kobold (D:2)
  4 rats
29 creatures vanquished.

Table legend:
 A = Non-vault XP
 B = Vault XP
 C = Vault XP percentage of total XP
 D = Non-vault monster count
 E = Vault monster count
 F = Vault count percentage of total count
                 A         B        C        D         E       F
            +---------+---------+-------+---------+---------+-------
      Total |      96 |       0 |   0.0 |      29 |       0 |   0.0
            +---------+---------+-------+---------+---------+-------
        D:1 |      30 |       0 |   0.0 |      16 |       0 |   0.0
        D:2 |      64 |       0 |   0.0 |      12 |       0 |   0.0
        D:3 |       2 |       0 |   0.0 |       1 |       0 |   0.0
            +---------+---------+-------+---------+---------+-------

Illustrated notes

Table legend:
 A = Kills in this place as a percentage of kills in entire the game.
 B = Kills by you in this place as a percentage of kills by you in the entire game.
 C = Kills by friends in this place as a percentage of kills by friends in the entire game.
 D = Other kills in this place as a percentage of other kills in the entire game.
 E = Experience gained in this place as a percentage of experience gained in the entire game.
 F = Experience gained in this place divided by the number of levels of this place that you have seen.
                   A       B       C       D       E      F
               +-------+-------+-------+-------+-------+----------------------
         Total | 100.0 | 100.0 |   N/A |   N/A | 100.0 |  32.0
       Dungeon | 100.0 | 100.0 |   N/A |   N/A | 100.0 |  32.0
               +-------+-------+-------+-------+-------+----------------------

Table legend: (Time is in decaauts)
 A = Elapsed time spent in this place.
 B = Non-inter-level travel time spent in this place.
 C = Inter-level travel time spent in this place.
 D = Time resting spent in this place.
 E = Time spent auto-exploring this place.
 F = Levels seen in this place.
 G = Mean time per level.
                   A        B        C        D        E       F      G
               +--------+--------+--------+--------+--------+-----+--------+
         Total |   1037 |    964 |     73 |    174 |    602 |   3 |  345.7 |
       Dungeon |   1037 |    964 |     73 |    174 |    602 |   3 |  345.7 |
               +--------+--------+--------+--------+--------+-----+--------+

Top non-repeatable levels by time:
     D:1: 711 daAuts
     D:2: 314 daAuts
     D:3: 11 daAuts
